Map: [ESL] Alcyone

Players

SHIN - Winner!

  • Race: Zerg Zerg
  • Spawn Location: 7:00

Stats

  • Race: Protoss Protoss
  • Spawn Location: 1:00

Event: IEM Katowice 2024

VOD

Have the link to the VOD?

Description

Time

  • Played on: Feb. 9, 2024, 5:19 a.m.
  • Length: 7:18

All games in this series

Show
View Real Time Build Order
Export as new Build Order

SHIN Zerg - Winner!

Build Orders: Hatch First 

Get SALT Encoding   

  12  0:00  Drone  
  13  0:08  Drone  
  14  0:16  Overlord  
  14  0:34  Drone  
  14  0:35  Drone  
  16  0:48  Hatchery  
  15  0:52  Drone  
  15  0:56  Drone  
  17  0:59  Drone  
  18  1:10  Extractor  
  17  1:14  Spawning Pool  
  17  1:17  Drone  
  17  1:20  Drone  
  18  1:29  Drone  
  19  1:39  Drone  
  20  2:01  Queen x2  
  20  2:02  Zergling x4  
  20  2:06  Zergling x2  
  27  2:12  Metabolic Boost  
  28  2:15  Drone  
  28  2:22  Overlord  
  28  2:40  Queen  
  28  2:41  Zergling x2  
  28  2:42  Zergling x4  
  28  2:43  Drone  
  34  2:46  Drone x2  
  34  2:53  Drone  
  34  2:55  Overlord  
  35  3:03  Hatchery  
  34  3:06  Zergling x2  
  35  3:13  Drone, Overlord  
  35  3:14  Drone  
  35  3:16  Drone  
  35  3:18  Drone  
  39  3:20  Drone  
  39  3:22  Drone  
  39  3:24  Drone  
  39  3:25  Drone  
  43  3:33  Drone  
  43  3:34  Drone  
  43  3:36  Spore Crawler  
  43  3:39  Queen  
  45  3:45  Drone x4  
  45  3:47  Spore Crawler  
  48  3:50  Overlord  
  48  3:51  Drone  
  48  3:54  Drone  
  49  3:57  Drone  
  49  3:59  Overlord  
  49  4:02  Queen  
  50  4:09  Zergling x2  
  51  4:11  Zergling x2  
  51  4:15  Zergling x2  
  51  4:16  Queen  
  54  4:18  Zergling x6  
  54  4:20  Queen  
  54  4:21  Drone  
  54  4:22  Drone  
  61  4:28  Drone  
  60  4:31  Drone  
  60  4:32  Drone  
  60  4:37  Drone  
  62  4:42  Drone  
  62  4:43  Drone  
  62  4:44  Spore Crawler  
  63  4:46  Drone x3  
  63  4:47  Drone  
  63  4:48  Drone x3  
  69  4:54  Drone x2  
  69  4:57  Roach Warren, Lair  
  69  4:58  Extractor  
  69  4:59  Drone  
  70  5:02  Drone x2  
  70  5:03  Drone  
  70  5:04  Overlord  
  70  5:09  Zergling x2  
  70  5:11  Spine Crawler  
  70  5:12  Queen  
  72  5:15  Overlord  
  72  5:17  Zergling x6, Extractor  
  72  5:21  Extractor  
  73  5:24  Zergling x12  
  73  5:28  Overlord  
  79  5:36  Overlord  
  79  5:37  Roach  
  79  5:39  Roach  
  83  5:43  Roach x2  
  83  5:45  Roach  
  83  5:47  Overlord x4  
  83  5:48  Overlord  
  87  5:51  Roach  
  87  5:52  Zergling x2  
  87  5:57  Zergling x6  
  92  6:01  Roach  
  92  6:03  Ravager  
  95  6:04  Ravager  
  95  6:09  Zergling x6  
  95  6:10  Queen  
  101  6:11  Queen  
  101  6:13  Ravager  
  101  6:15  Zergling x6  
  107  6:22  Roach x3  
  109  6:28  Zergling x4, Roach x2  
  109  6:30  Ravager  
  112  6:33  Roach  
  112  6:34  Zergling x6  
  112  6:37  Roach  
  117  6:41  Roach  
  117  6:43  Roach  
  119  6:48  Zergling x2  
  119  6:52  Zergling x2  
  119  6:53  Ravager  
  117  6:58  Zergling x4  
  115  7:02  Overseer  
  116  7:09  Ravager x2  
Show
View Real Time Build Order
Export as new Build Order

Stats Protoss 

Build Orders: 1 Gate Expand, Oracle Opening 

Get SALT Encoding   

  12  0:00  Probe  
  13  0:12  Probe  
  14  0:17  Pylon  
  14  0:24  Probe  
  15  0:31  Assimilator  
  15  0:36  Probe (Chrono Boost)  
  16  0:43  Gateway  
  16  0:48  Probe (Chrono Boost)  
  17  0:52  Probe (Chrono Boost)  
  18  1:03  Probe  
  19  1:15  Probe  
  20  1:23  Nexus  
  20  1:33  Cybernetics Core  
  20  1:36  Probe  
  21  1:41  Assimilator  
  21  1:48  Probe  
  21  1:50  Pylon  
  22  2:00  Probe  
  23  2:06  Adept (Chrono Boost)  
  23  2:12  Probe  
  23  2:15  Stargate  
  26  2:23  Warp Gate  
  26  2:24  Probe  
  26  2:29  Adept (Chrono Boost)  
  27  2:32  Probe  
  30  2:40  Probe x2  
  32  2:50  Stalker (Chrono Boost)  
  32  2:52  Probe  
  32  2:54  Probe  
  36  3:02  Oracle (Chrono Boost)  
  39  3:15  Gateway  
  39  3:18  Probe x2  
  38  3:35  Oracle (Chrono Boost)  
  38  3:38  Probe x2  
  43  3:49  Pylon  
  43  3:50  Probe x2  
  43  3:52  Pylon  
  45  4:02  Nexus  
  43  4:04  Pylon  
  43  4:05  Probe  
  43  4:06  Probe  
  43  4:17  Twilight Council  
  43  4:21  Gateway  
  43  4:24  Gateway  
  43  4:33  Probe x2  
  43  4:35  Adept  
  43  4:36  Adept  
  47  4:46  Probe x2  
  47  4:52  Resonating Glaives (Chrono Boost)  
  49  4:56  Adept x2  
  52  5:00  Probe x2  
  52  5:02  Assimilator  
  52  5:04  Assimilator  
  52  5:06  Pylon  
  53  5:17  Probe x3  
  53  5:19  Adept  
  53  5:20  Adept x3  
  64  5:31  Probe x3  
  64  5:32  Robotics Facility  
  67  5:41  Adept  
  67  5:42  Adept x3  
  73  5:54  Probe  
  73  5:55  Probe x2  
  73  5:56  Pylon  
  64  6:03  Adept x2  
  64  6:04  Adept x2  
  72  6:06  Probe  
  73  6:13  Probe  
  73  6:14  Probe  
  75  6:19  Probe  
  75  6:25  Adept x4  
  84  6:35  Probe x2  
  84  6:38  Immortal, Shield Battery x2  
  86  6:40  Shield Battery  
  86  6:46  Stalker x2  
  90  6:49  Stalker  
  92  7:01  Stalker  
  71  7:11  Stalker x2  
  71  7:14  Stalker  

Tags
 
Add a new tag
Caveats
  • Supply blocks, unpowered buildings, or Contaminate may cause inaccurate times.
  • Supply counts are checked every 10 seconds.